 Dungeon Sprint DCSS version 0.27-a0-103-g6cd7b45605 (webtiles) character file.

Game seed: 16929510360545392072

16076 mhtbhm the Sorcerer (level 12, -14/57 (60) HPs)
             Began as a Deep Elf Air Elementalist on Jan 23, 2021.
             Was the Champion of Vehumet.
             Killed from afar by Josephine (27 damage)
             ... with a ghostly fireball
             ... in the Dungeon (Sprint IX: "|||||||||||||||||||||||||||||").
             The game lasted 00:11:44 (4553 turns).

mhtbhm the Sorcerer (Deep Elf Air Elementalist)     Turns: 4553, Time: 00:11:44

HP:   -14/57 (60)   AC:  5    Str:  8    XL:     12   Next: 6%
MP:   10/39         EV: 22    Int: 26    God:    Vehumet [******]
Gold: 506           SH:  0    Dex: 15    Spells: 24/53 levels left

rFire    . . .     SeeInvis .   k - +2 rapier (distort)
rCold    . . .     Faith    .   (no shield)
rNeg     . . .     Spirit   .   a - +0 robe
rPois    .         Reflect  .   l - +0 helmet
rElec    .         Harm     .   (no cloak)
rCorr    .         Rampage  .   m - +0 pair of gloves
Will     +....     NoTele   +   u - +0 pair of boots
Stlth    +++.......             (no amulet)
HPRegen  0.19/turn              n - +3 ring of strength
MPRegen  0.26/turn              o - +2 ring of evasion

@: drained
A: no striking features
a: Renounce Religion


You were in the Dungeon.
You worshipped Vehumet.
Vehumet was exalted by your worship.
You visited 1 branch You collected 1781 gold pieces.
You spent 1275 gold pieces at shops.

Inventory:

Hand Weapons
 k - a +2 rapier of distortion (weapon)
Armour
 a - a +0 robe (worn)
 l - a +0 helmet (worn)
 m - a +0 pair of gloves (worn)
 u - a +0 pair of boots (worn)
 w - a +2 pair of gloves of strength
Jewellery
 n - a +3 ring of strength (left hand)
 o - a +2 ring of evasion (right hand)
Wands
 j - a wand of acid (5)
 t - a wand of digging (4)
 v - a wand of flame (18)
Scrolls
 g - 4 scrolls of remove curse
 h - 2 scrolls of blinking
 i - 2 scrolls of amnesia
 q - 7 scrolls of enchant weapon
 r - 2 scrolls of enchant armour
 B - a scroll of random uselessness {unknown}
Potions
 b - 4 potions of heal wounds
 c - a potion of brilliance
 d - 4 potions of curing
 e - 2 potions of haste
 f - 4 potions of magic
 p - a potion of mutation
 x - 2 potions of resistance
 z - a potion of lignification {unknown}
 A - a potion of invisibility


   Skills:
 - Level 0.6 Fighting
 + Level 3.4 Short Blades
 + Level 11.3 Dodging
 - Level 4.1 Stealth
 + Level 21.1 Spellcasting
 + Level 14.4 Conjurations
 + Level 0.9 Fire Magic
 + Level 17.7 Air Magic
 + Level 5.2 Evocations


You had 24 spell levels left.
You knew the following spells:

 Your Spells              Type           Power        Failure   Level
a - Shock                 Conj/Air       100%         0%          1
b - Swiftness             Air            88%          0%          2
c - Static Discharge      Conj/Air       84%          0%          3
d - Airstrike             Air            44%          0%          4
e - Lightning Bolt        Conj/Air       42%          1%          5
f - Fireball              Conj/Fire      30%          1%          5
g - Mephitic Cloud        Conj/Pois/Air  70%          1%          3
h - Conjure Ball Lightni  Conj/Air       42%          1%          6

Your spell library contained the following spells:

 Spells                   Type           Power        Failure   Level
 Pain                     Necr           100%         1%          1
 Agony                    Necr           27%          38%         5


Dungeon Overview and Level Annotations

Branches:
Dungeon (1/1)

Altars:
Cheibriados
Dithmenos
Elyvilon
Fedhas
Gozag
Hepliaklqana
Kikubaaqudgha
Makhleb
Nemelex Xobeh
Okawaru
Qazlal
Ru
Sif Muna
Trog
Uskayaw
Vehumet
Wu Jian
Xom
Yredelemnul
Zin
The Shining One
Beogh
Jiyva
Lugonu

Shops:
D *[**

Annotations:
D 1 exclusion, Josephine


Message History

The blast of lightning engulfs your ball lightning.
Your ball lightning completely resists.
The blast of lightning engulfs Josephine!
Josephine is moderately wounded.
The blast of lightning engulfs your ball lightning.
Your ball lightning completely resists.
The blast of lightning engulfs you!!
* * * LOW HITPOINT WARNING * * *
Your ball lightning explodes!
The blast of lightning engulfs Josephine.
Josephine is moderately wounded.
The blast of lightning engulfs your ball lightning.
Your ball lightning completely resists.
Josephine says, "I'll make a rug of your skin."
Josephine gestures at you while chanting.
The ghostly flame explodes!
The ghostly fireball engulfs your ball lightning.
Your ball lightning completely resists.
The ghostly fireball engulfs you!!
You feel drained.
You die...

▓)▓.▓.▓.▓.▓.▓
▓.▓.▓.▓.▓.▓.▓
▓.▓.▓.▓.▓'▓W▓
▓.▓.▓(▓.▓[▓@▓
▓.▓.▓)▓[▓[▓.▓
▓'▓.▓.▓.▓)▓.▓
▓_▓.▓.▓.▓[▓.▓
▓_▓.▓.▓.▓[▓*▓
▓_▓.▓.▓[▓[▓@▓
▓_▓.▓.▓.▓[▓.▓
▓_▓.▓'▓.▓[▓.▓
▓_▓.▓.▓.▓[▓.▓
▓_▓.▓.▓.▓.▓.▓
▓_▓.▓.▓.▓.▓.▓
▓_▓.▓.▓.▓.▓.▓
▓_▓.▓.▓.▓.▓.▓
▓_▓.▓.▓.▓)▓.▓


You could see Josephine, a wraith and a friendly ball lightning.

Vanquished Creatures
  A dire elephant (D)
  Harold (D)
  A hydra (D)
  8 orc knights (D)
  A manticore (D)
  Maurice (D)
  7 elephants (D)
  A cane toad (D)
  5 komodo dragons (D)
  A rime drake (D)
  A meliai (D)
  A troll (D)
  3 blink frogs (D)
  A slime creature (D)
  2 wraiths (D)
  2 yaks (D)
  A basilisk (D)
  Grum (D)
  A vampire mosquito (D)
  A water moccasin (D)
  18 orc warriors (D)
  4 wolves (D)
  An ogre (D)
  2 centaurs (D)
  4 bullfrogs (D)
  A hound (D)
  3 orc priests (D)
  4 orc wizards (D)
  An adder (D)
  2 oozes (D)
  2 leopard geckos (D)
  7 orcs (D)
  A hobgoblin (D)
  A quokka (D)
  A kobold (D)
  A rat (D)
94 creatures vanquished.

Vanquished Creatures (others)
  An unseen horror (D)
  2 ball lightnings (D)
3 creatures vanquished.

Grand Total: 97 creatures vanquished

Notes
Turn   | Place    | Note
-------+----------+-------------------------------------------
     0 | D        | mhtbhm the Deep Elf Air Elementalist began the quest for
                  | the Orb.
     0 | D        | Reached XP level 1. HP: 10/10 MP: 6/6
     7 | D        | Reached skill level 4 in Spellcasting
    10 | D        | Reached XP level 2. HP: 4/15 MP: 0/9
   214 | D        | Learned a level 2 spell: Swiftness
   220 | D        | Noticed an ogre
   227 | D        | Reached skill level 5 in Spellcasting
   227 | D        | Reached skill level 5 in Air Magic
   227 | D        | Reached XP level 3. HP: 2/19 MP: 3/11
   230 | D        | Killed an ogre
   231 | D        | Reached skill level 6 in Spellcasting
   231 | D        | Reached XP level 4. HP: 4/24 MP: 1/14
   235 | D        | Reached skill level 5 in Dodging
   235 | D        | Reached skill level 7 in Spellcasting
   235 | D        | Reached XP level 5. HP: 17/28 MP: 0/16
   409 | D        | Found a roughly hewn altar of Beogh.
   409 | D        | Found a snail-covered altar of Cheibriados.
   409 | D        | Found a shadowy altar of Dithmenos.
   409 | D        | Found a white marble altar of Elyvilon.
   409 | D        | Found a blossoming altar of Fedhas.
   409 | D        | Found an opulent altar of Gozag.
   410 | D        | Found a hazy altar of Hepliaklqana.
   411 | D        | Found a viscous altar of Jiyva.
   412 | D        | Found an ancient bone altar of Kikubaaqudgha.
   413 | D        | Found a corrupted altar of Lugonu.
   414 | D        | Found a burning altar of Makhleb.
   415 | D        | Found a sparkling altar of Nemelex Xobeh.
   416 | D        | Found an iron altar of Okawaru.
   417 | D        | Found a stormy altar of Qazlal.
   418 | D        | Found a sacrificial altar of Ru.
   419 | D        | Found a shimmering blue altar of Sif Muna.
   420 | D        | Found a bloodstained altar of Trog.
   421 | D        | Found a hide-covered altar of Uskayaw.
   422 | D        | Found a radiant altar of Vehumet.
   423 | D        | Found an ornate altar of the Wu Jian Council.
   424 | D        | Found a shimmering altar of Xom.
   425 | D        | Found a basalt altar of Yredelemnul.
   426 | D        | Found a glowing silver altar of Zin.
   427 | D        | Found a glowing golden altar of the Shining One.
   430 | D        | Became a worshipper of Vehumet
   472 | D        | Learned a level 3 spell: Static Discharge
   477 | D        | Learned a level 4 spell: Airstrike
   483 | D        | Learned a level 5 spell: Lightning Bolt
   483 | D        | Noticed a centaur
   483 | D        | Noticed a centaur
   485 | D        | Killed a centaur
   486 | D        | Reached skill level 8 in Spellcasting
   487 | D        | Reached * piety under Vehumet
   487 | D        | Offered knowledge of Magic Dart by Vehumet.
   493 | D        | Killed an unseen horror
   494 | D        | Reached skill level 11 in Spellcasting
   494 | D        | Reached skill level 5 in Conjurations
   494 | D        | Reached XP level 6. HP: 4/33 MP: 1/22
   494 | D        | Reached XP level 7. HP: 5/37 MP: 1/23
   688 | D        | Noticed a troll
   688 | D        | Noticed a manticore
   688 | D        | Noticed a slime creature
   688 | D        | Noticed a vampire mosquito
   688 | D        | Noticed a meliai
   689 | D        | Killed a troll
   689 | D        | Reached ** piety under Vehumet
   689 | D        | Offered knowledge of Searing Ray by Vehumet.
   690 | D        | Reached XP level 8. HP: 32/42 MP: 21/25
   690 | D        | Killed a manticore
   691 | D        | Reached skill level 1 in Short Blades
   691 | D        | Reached skill level 12 in Spellcasting
   691 | D        | Killed a meliai
   691 | D        | Reached *** piety under Vehumet
   692 | D        | Reached skill level 13 in Spellcasting
   693 | D        | Killed a slime creature
   894 | D        | Noticed a blink frog
   894 | D        | Noticed a komodo dragon
   894 | D        | Noticed a komodo dragon
   896 | D        | Killed a komodo dragon
   896 | D        | Offered knowledge of Dazzling Flash by Vehumet.
   896 | D        | Noticed a cane toad
   897 | D        | Reached XP level 9. HP: 46/46 MP: 17/28
   898 | D        | Reached **** piety under Vehumet
   899 | D        | Reached skill level 14 in Spellcasting
  1229 | D        | Offered knowledge of Mephitic Cloud by Vehumet.
  1230 | D        | Killed a komodo dragon
  1231 | D        | Reached skill level 15 in Spellcasting
  1501 | D        | Offered knowledge of Iskenderun's Mystic Blast by Vehumet.
  1504 | D        | Killed a cane toad
  1504 | D        | Reached ***** piety under Vehumet
  1697 | D        | Noticed a rime drake
  1697 | D        | Noticed a komodo dragon
  1698 | D        | Killed a rime drake
  1698 | D        | Offered knowledge of Conjure Ball Lightning by Vehumet.
  1699 | D        | Reached skill level 10 in Dodging
  1699 | D        | Noticed an eight-headed hydra
  1700 | D        | Killed a komodo dragon
  1700 | D        | Noticed a komodo dragon
  1701 | D        | Reached XP level 10. HP: 41/51 MP: 20/31
  1701 | D        | Killed an eight-headed hydra
  1702 | D        | Reached skill level 16 in Spellcasting
  1702 | D        | Reached skill level 10 in Conjurations
  1702 | D        | Reached skill level 15 in Air Magic
  2016 | D        | Offered knowledge of Starburst by Vehumet.
  2017 | D        | Reached skill level 17 in Spellcasting
  2428 | D        | Noticed an elephant
  2428 | D        | Noticed an elephant
  2428 | D        | Noticed an elephant
  2428 | D        | Noticed a dire elephant
  2428 | D        | Noticed an elephant
  2428 | D        | Noticed an elephant
  2430 | D        | Killed an elephant
  2431 | D        | Killed an elephant
  2431 | D        | Killed an elephant
  2433 | D        | Killed an elephant
  2433 | D        | Noticed an elephant
  2434 | D        | Killed an elephant
  2435 | D        | Reached skill level 18 in Spellcasting
  2435 | D        | Killed a dire elephant
  2435 | D        | Noticed an elephant
  2436 | D        | Reached XP level 11. HP: 50/55 MP: 11/35
  2922 | D        | Noticed Grum
  2926 | D        | Killed Grum
  2926 | D        | Reached ****** piety under Vehumet
  2928 | D        | Offered knowledge of Spellforged Servitor by Vehumet.
  2930 | D        | Noticed Maurice
  2939 | D        | Killed Maurice
  2940 | D        | Reached skill level 19 in Spellcasting
  3223 | D        | Offered knowledge of Ozocubu's Refrigeration by Vehumet.
  3312 | D        | Noticed an orc knight
  3317 | D        | Killed an orc knight
  3486 | D        | Found Rovian's Assorted Antiques.
  3486 | D        | Noticed an orc knight
  3486 | D        | Noticed an orc knight
  3488 | D        | Offered knowledge of Iskenderun's Battlesphere by Vehumet.
  3488 | D        | Noticed an orc knight
  3489 | D        | Killed an orc knight
  3489 | D        | Killed an orc knight
  3490 | D        | Noticed an orc knight
  3492 | D        | Killed an orc knight
  3493 | D        | Reached skill level 20 in Spellcasting
  3500 | D        | Noticed an orc knight
  3502 | D        | Killed an orc knight
  3686 | D        | Killed an orc knight
  3686 | D        | Offered knowledge of Fireball by Vehumet.
  3909 | D        | Learned a level 5 spell: Fireball
  4160 | D        | Noticed an orc knight
  4174 | D        | Killed an orc knight
  4175 | D        | Reached skill level 5 in Evocations
  4301 | D        | Noticed an orc knight
  4305 | D        | Killed an orc knight
  4360 | D        | Found Uziefouxt's Antique Armour Shoppe.
  4364 | D        | Found Tacung's Assorted Antiques.
  4368 | D        | Found Memoor's Assorted Antiques.
  4391 | D        | Bought a rare book for 390 gold pieces
  4395 | D        | Learned a level 3 spell: Mephitic Cloud
  4402 | D        | Learned a level 6 spell: Conjure Ball Lightning
  4404 | D        | Bought a pair of embroidered gloves for 165 gold pieces
  4404 | D        | Bought a puce potion for 19 gold pieces
  4404 | D        | Bought a scroll labelled VEYS EMEICKO for 22 gold pieces
  4404 | D        | Bought a bubbling cyan potion for 19 gold pieces
  4404 | D        | Bought a scroll labelled VEYS EMEICKO for 22 gold pieces
  4404 | D        | Bought a potion of invisibility for 176 gold pieces
  4406 | D        | Bought a scroll of enchant weapon for 195 gold pieces
  4412 | D        | Bought a scroll labelled DEODDO CAAMOI for 27 gold pieces
  4412 | D        | Bought a puce potion for 24 gold pieces
  4412 | D        | Bought a potion of curing for 81 gold pieces
  4412 | D        | Bought a tiny jasper amulet for 135 gold pieces
  4457 | D        | Noticed Harold
  4461 | D        | Killed Harold
  4462 | D        | Reached skill level 21 in Spellcasting
  4462 | D        | Reached XP level 12. HP: 60/60 MP: 23/39
  4549 | D        | Noticed Josephine
  4553 | D        | Killed from afar by Josephine

Illustrated notes

Levels and vault maps discovered:
D:        linesprint [early_d, line_temple, items_1, d_10, items_2, lair_1,
          lair_end, items_3, orc_1, orc_end, items_4, d_15, swamp_1, shoals_1,
          snake_1, spider_1, d_20, vaults_1, items_5, swamp_end, shoals_end,
          snake_end, spider_end, vaults_end, d_27, items_6, zot_1, zot_end,
          crypt_end, forest_end, elf_end, slime_end, tomb_end, abyss_end,
          pan_hell_end]

Skill      XL: |  1  2  3  4  5  6  7  8  9 10 11 |
---------------+----------------------------------+-----
Spellcasting   | 4 5 6 7 11 13 15 18 21 | 21.1
Dodging        | 3 4 5 7 8 9 10 11 | 11.3
Air Magic      | 4 5 7 11 13 14 16 17 | 17.7
Stealth        | 3 4 |  4.1
Conjurations   | 2 3 5 6 7 9 11 14 | 14.4
Evocations     | 2 3 4 5 |  5.2
Short Blades   | 2 3 |  3.4
Fighting       | |  0.6
Fire Magic     | |  0.9

Action                   |  1- 3 |  4- 6 |  7- 9 | 10-12 || total
-------------------------+-------+-------+-------+-------++-------
Melee: Unarmed           |       |     1 |       |       ||     1
       Rapier            |       |       |     1 |     8 ||     9
 Cast: Shock             |    14 |     4 |       |    18 ||    36
       Airstrike         |       |     2 |       |     7 ||     9
       Lightning Bolt    |       |     1 |    20 |    69 ||    90
       Fireball          |       |       |       |     8 ||     8
       Conjure Ball Ligh |       |       |       |     1 ||     1
Evoke: Wand              |       |     2 |       |     7 ||     9
  Use: Potion            |     1 |     4 |     2 |       ||     7
       Scroll            |       |       |       |     2 ||     2
Armor: Robe              |       |     2 |     1 |     1 ||     4
Dodge: Dodged            |     9 |     5 |     8 |    31 ||    53

Table legend: (Time is in decaauts)
 A = Elapsed time spent in this place.
 B = Non-inter-level travel time spent in this place.
 C = Inter-level travel time spent in this place.
 D = Time resting spent in this place.
 E = Time spent auto-exploring this place.
 F = Levels seen in this place.
 G = Mean time per level.
                   A        B        C        D        E       F      G
               +--------+--------+--------+--------+--------+-----+--------+
         Total |   4562 |   4562 |      0 |   3350 |    490 |   1 | 4562.0 |
       Dungeon |   4562 |   4562 |      0 |   3350 |    490 |   1 | 4562.0 |
               +--------+--------+--------+--------+--------+-----+--------+

Top non-repeatable levels by time:
       D: 4562 daAuts
